 Dungeon Crawl Stone Soup version 0.21.1-1-g345015fe64 (webtiles) character file.

58 Kohma the Chopper (level 3, -1/33 HPs)
             Began as a Minotaur Berserker on June 19, 2018.
             Was a Believer of Trog.
             Slain by Artool's ghost (6 damage)
             ... on level 3 of the Dungeon.
             The game lasted 00:03:50 (1821 turns).

Kohma the Chopper (Minotaur Berserker)              Turns: 1821, Time: 00:03:50

Health: -1/33      AC:  2    Str: 21    XL:     3   Next: 75%
Magic:  2/2        EV: 12    Int:  4    God:    Trog [**....]
Gold:   91         SH:  0    Dex: 10    Spells: 2/2 levels left

rFire    . . .     SeeInvis .   a - +0 hand axe
rCold    . . .     Gourm    .   (no shield)
rNeg     . . .     Faith    .   b - +0 animal skin
rPois    .         Spirit   .   (helmet restricted)
rElec    .         Reflect  .   (no cloak)
rCorr    .         Harm     .   (no gloves)
MR       .....                  (no boots)
Stlth    +.........             (no amulet)
HPRegen  0.11/turn              (no ring)
MPRegen  0.08/turn              (no ring)

@: no status effects
A: retaliatory headbutt, horns 2
a: Berserk, Trog's Hand, Burn Spellbooks, Renounce Religion


You were on level 3 of the Dungeon.
You worshipped Trog.
Trog was pleased with you.
You were not hungry.

You visited 1 branch of the dungeon, and saw 3 of its levels.

You collected 91 gold pieces.

Inventory:

Hand Weapons
 a - a +0 hand axe (weapon)
Missiles
 t - 2 throwing nets (quivered)
Armour
 b - a +0 animal skin (worn)
 v - a +0 helmet
Scrolls
 d - a scroll of fear {unknown}
 f - 2 scrolls of teleportation {unknown}
 g - 4 scrolls of identify {unknown}
 h - a scroll of enchant armour {unknown}
 i - a scroll of noise {unknown}
 j - 2 scrolls of fog {unknown}
 l - a scroll of immolation {unknown}
 o - 2 scrolls of remove curse {unknown}
 r - a scroll of amnesia {unknown}
Potions
 e - 3 potions of agility {unknown}
 m - 2 potions of curing {unknown}
 n - 2 potions of degeneration {unknown}
 p - 2 potions of lignification {unknown}
 q - 2 potions of heal wounds {unknown}
 s - 2 potions of brilliance {unknown}
Books
 k - a book of Minor Magic

   Spells                             Type                      Level
   a - Magic Dart                     Conjuration                  1
   b - Blink                          Translocation                2
   c - Call Imp                       Summoning                    2
   d - Slow                           Hexes                        2
   e - Conjure Flame                  Conjuration/Fire             3
   f - Mephitic Cloud                 Conjuration/Poison/Air       3
   Trog disapproves of the use of such an item.
Comestibles
 c - 4 rations
 u - a chunk of flesh


   Skills:
 + Level 4.1 Fighting
 * Level 4.5 Axes
 + Level 3.1 Armour
 + Level 2.8 Dodging


You had 2 spell levels left.
You didn't know any spells.

Dungeon Overview and Level Annotations

Branches:
Dungeon (3/15)

Altars:
Cheibriados
Dithmenos
Gozag
Xom

Annotations:
D:3 Artool's ghost, amateur DsAK


Innate Abilities, Weirdness & Mutations

You reflexively headbutt those who attack you in melee.
You have a pair of horns on your head.


Message History

Trog accepts your kill.
m - 2 inky potions (gained 1) Artool's ghost (amateur Demonspawn Abyssal Knight) comes into view.
It is wielding a weapon of electrocution.
Found a stone staircase leading up.
Artool's ghost turns its malevolent gaze towards you.
You hear a shout! x2
A goblin comes into view. It is wielding a club.
You hit Artool's ghost but do no damage.
Artool's ghost misses you.
You hit Artool's ghost but do no damage.
Artool's ghost hits you.
Artool's ghost whispers, "There is no future for you."
The goblin closely misses you. Artool's ghost hits you.
You are electrocuted!
Ouch! That really hurt!
* * * LOW HITPOINT WARNING * * *
You hit the goblin.
The goblin is severely wounded.
You hit Artool's ghost but do no damage.
The goblin hits you but does no damage. Artool's ghost hits you.
You die...

##..# #.#.# ##.##
#.# #.#
############ #.###
..#.......# #....
#.#.#####.# ####.
####@#.#####.#####
#.
#<.gW....(.......#
#.
#.##.#.#####.###.#
## .. #.#.#
#.###.#### ...
..#.. ..#......#
.. #######
####.#.##.# #
##.#.##.#
#....##.#
###..#.##>#


You could see Artool's ghost and a goblin.

Vanquished Creatures
  2 worms (D:2)
  A leopard gecko (D:1)
  8 bats
  5 giant cockroaches
  3 goblins
  10 hobgoblins
  2 quokkas
  5 frilled lizards
  8 kobolds
  4 rats
48 creatures vanquished.

Notes
Turn   | Place    | Note
-------+----------+-------------------------------------------
     0 | D:1      | Kohma the Minotaur Berserker began the quest for the Orb.
     0 | D:1      | Reached XP level 1. HP: 19/19 MP: 0/0
     1 | D:1      | Noticed an electric eel
   151 | D:1      | Reached XP level 2. HP: 23/27 MP: 1/1
   657 | D:2      | Found a shadowy altar of Dithmenos.
   658 | D:2      | Found a shimmering altar of Xom.
   723 | D:2      | Reached XP level 3. HP: 13/33 MP: 2/2
   762 | D:2      | Reached ** piety under Trog
  1641 | D:3      | Found a snail-covered altar of Cheibriados.
  1746 | D:3      | Found an opulent altar of Gozag.
  1816 | D:3      | Noticed Artool's ghost (amateur DsAK)
  1821 | D:3      | Slain by Artool's ghost

Skill      XL: |  1  2  3 |
---------------+----------+-----
Axes           | 4 |  4.5
Fighting       | 4 |  4.1
Armour         | 3 |  3.1
Dodging        | |  2.8

Action                   || total
-------------------------++-------
Melee: Hand axe          ||    95
       Headbutt          ||    10
 Stab: Sleeping          ||     2
  Eat: Chunk             ||     3
Armor: Animal skin       ||    16
Dodge: Dodged            ||    60
